 Dungeon Crawl Stone Soup version 0.30.1-9-gdf580d7c3d (webtiles) character file.

Game seed: 7306010181193718087

1363 monsoonserge the Ducker (level 8, 0/64 HPs)
             Began as a Merfolk Monk on Oct 25, 2023.
             Was a Priest of Qazlal.
             Killed from afar by an electric eel (13 damage)
             ... with a bolt of electricity
             ... on level 7 of the Dungeon.
             The game lasted 00:14:36 (5358 turns).

monsoonserge the Ducker (Merfolk Monk)              Turns: 5358, Time: 00:14:37

Health: 0/64       AC:  7    Str: 11    XL:     8   Next: 64%
Magic:  18/19      EV: 18    Int: 10    God:    Qazlal [***...]
Gold:   247        SH:  4    Dex: 21    Spells: 7/7 levels left

rFire   . . .        n - +3 short sword (venom)
rCold   . . .        d - orb {light}
rNeg    + . .        h - +0 ring mail
rPois   .            o - +0 helmet of Guxzoxt {Dex+3 SInv}
rElec   .            (no cloak)
rCorr   .            r - +0 pair of gloves
SInv    +            (boots currently unavailable)
Will    .....        j - amulet of magic regeneration
Stlth   +            q - ring of positive energy
HPRegen 0.30/turn    B - ring of magical power
MPRegen 0.56/turn

%: no passive effects
@: about to teleport, glowing, very quick
A: nimble swimmer 2, mertail
a: Renounce Religion, Upheaval, Elemental Force


You were on level 7 of the Dungeon.
You worshipped Qazlal.
Qazlal was most pleased with you.
You visited 1 branch of the dungeon, and saw 7 of its levels.
You also visited: Sewer.

You collected 247 gold pieces.

Inventory:

Hand Weapons
 a - a +0 falchion
 n - a +3 short sword of venom (weapon)
Missiles
 z - 2 poisoned darts
 E - 5 boomerangs of dispersal
 H - a boomerang (quivered)
Armour
 b - a +0 leather armour
 d - an orb of light (worn)
 h - a +0 ring mail (worn)
 o - the +0 helmet of Guxzoxt (worn) {Dex+3 SInv}
   (You found it on level 3 of the Dungeon)

   Dex:       It affects your dexterity (+3).
   SInv:      It lets you see invisible.
 r - a +0 pair of gloves (worn)
Jewellery
 j - an amulet of magic regeneration (around neck)
 q - a ring of positive energy (left hand)
 B - a ring of magical power (right hand)
Wands
 G - a wand of flame (14)
 I - a wand of light (7)
Scrolls
 f - 2 scrolls of teleportation
 g - a scroll of poison {unknown}
 m - a scroll of enchant weapon
 p - a scroll of summoning {unknown}
 t - a scroll of vulnerability {unknown}
 v - a scroll of blinking {unknown}
 x - 2 scrolls of magic mapping {unknown}
 y - a scroll of fear {unknown}
 A - a scroll of noise {unknown}
 C - a scroll of acquirement {unknown}
 D - 2 scrolls of immolation {unknown}
 F - a scroll of silence {unknown}
Potions
 c - a potion of ambrosia
 e - a potion of invisibility {unknown}
 i - a potion of heal wounds
 k - 5 potions of curing {unknown}
 l - a potion of degeneration {unknown}
 s - 3 potions of haste
 u - 2 potions of mutation
 w - a potion of brilliance {unknown}


   Skills:
 + Level 5.7 Fighting
 + Level 6.9(7.8) Short Blades
 - Level 5.2(6.9) Long Blades
 + Level 0.8 Throwing
 + Level 1.1 Armour
 + Level 7.0 Dodging
 - Level 3.0 Stealth
 * Level 3.1 Invocations


You had 7 spell levels left.
You didn't know any spells.
Your spell library contained the following spells:

 Spells                   Type           Power      Damage    Failure   Level
 Vhi's Electric Charge    Tloc/Air       0%         N/A       95%         3
 Arcjolt                  Conj/Air       0%         1d10      100%        5
 Plasma Beam              Fire/Air       0%         2x1d11    100%        6


Dungeon Overview and Level Annotations

Branches:
Dungeon (8/15)              Sewer (visited)
 Temple: D:4-7         Lair: D:8-11

Altars:
Cheibriados
Elyvilon
Fedhas
Gozag
Kikubaaqudgha
Qazlal
Trog

Shops:
D:7 :

Annotations:
D:4 1 runed translucent door, Dowan; Duvessa; middlethird's ghost, amateur VSMo


Innate Abilities, Weirdness & Mutations

You are very nimble when in or above water. (Stealth+, EV+, Speed+++)
Your lower body shifts to a powerful aquatic tail in water.


Message History

You hit the electric eel.
The electric eel is severely wounded.
You hit the electric eel but do no damage.
The electric eel looks as sick as possible!
Your tail-slap misses the electric eel.
The electric eel is severely wounded.
You closely miss the electric eel.
The electric eel is severely wounded.
The electric eel shoots out a bolt of lightning at you!
The bolt of electricity misses the electric eel.
The bolt of electricity hits you!
* * * LOW HITPOINT WARNING * * *
You barely miss the electric eel. You tail-slap the electric eel.
The electric eel is almost dead.
You hit the electric eel.
You kill the electric eel!
Qazlal accepts your kill.
The electric eel shoots out a bolt of lightning at you!
The bolt of electricity hits you!
* * * LOW HITPOINT WARNING * * *
Your Dodging skill increases to level 7!
You feel much better.
Aiming: Upheaval
Press: ? - help, Dir - move target, f - troll
Aim: a troll (haloed)
A blizzard blasts the area with ice!
The blast of ice hits the troll!
The troll is moderately wounded.
The troll is flash-frozen.
The electric eel shoots out a bolt of lightning at you!
The bolt of electricity hits you!
* * * LOW HITPOINT WARNING * * *
As you read the scroll of teleportation, it crumbles to dust.
You feel strangely unstable.
The troll is no longer encased in ice.
The electric eel shoots out a bolt of lightning at you!
The bolt of electricity hits you.
* * * LOW HITPOINT WARNING * * *
The electric eel shoots out a bolt of lightning at you!
The bolt of electricity hits you!
You die...

#.....# ....##..# ######
##....####...#..##.
.....###.....##..T........
..##...).#...##.≈≈≈≈S≈≈≈≈≈
#...##..##......≈.........
##.#####..#....§≈.≈≈≈≈≈≈≈≈
#.# ##.......≈.≈......≈
#.# ##.###..≈.≈.≈≈≈≈.≈ ##
#.## ##.@.≈.≈∩.≈.≈ #.
#.≈.≈.≈≈.≈.≈ #.
#.≈.≈....≈.≈ #.≈.≈≈≈≈≈≈
..≈....... ...≈≈≈≈≈≈≈≈
##......... #..##...##


You could see a troll and an electric eel.

Vanquished Creatures
  A hornet (D:7)
  Sigmund (D:4)
  Edmund (D:4)
  An orc warrior (D:7)
  A sky beast (D:7)
  An ogre (D:7)
  A phantom (D:7)
  A scorpion (D:2)
  The ghost of kaesle the Trooper, a weakling HOFi (D:3)
  An electric eel (D:7)
  A jelly (D:7)
  2 orc priests
  4 orc wizards
  A hell rat (Sewer)
  4 adders
  5 river rats
  A shadow imp (D:7)
  3 worms (D:3)
  2 dart slugs
  12 orcs
  7 endoplasms
  3 giant cockroaches
  2 goblins
  7 hobgoblins
  4 jackals (D:2)
  12 kobolds
  2 quokkas
  4 ball pythons
  2 bats
  6 frilled lizards
  15 rats
109 creatures vanquished.

Vanquished Creatures (others)
  A human (D:3)
1 creature vanquished.

Grand Total: 110 creatures vanquished

Notes
Turn   | Place    | Note
-------+----------+-------------------------------------------
     0 | D:1      | monsoonserge the Merfolk Monk began the quest for the Orb.
     0 | D:1      | Reached XP level 1. HP: 18/18 MP: 1/1
   178 | D:1      | Reached XP level 2. HP: 21/24 MP: 2/2
   623 | D:2      | Noticed a scorpion
   630 | D:2      | Killed a scorpion
   631 | D:2      | Reached XP level 3. HP: 10/30 MP: 3/3
   631 | D:2      | Reached XP level 4. HP: 13/37 MP: 4/4
   812 | D:2      | Reached skill level 5 in Dodging
  1262 | D:2      | Reached skill level 5 in Long Blades
  1685 | D:2      | Reached XP level 5. HP: 42/42 MP: 5/5
  2035 | D:3      | Identified the +0 helmet of Guxzoxt {Dex+3 SInv}
  2112 | D:3      | Found a faded altar of an unknown god.
  2211 | D:3      | Found an ancient bone altar of Kikubaaqudgha.
  2213 | D:3      | Noticed a human
  2215 | D:3      | Killed a human
  2262 | D:3      | Reached skill level 1 in Stealth
  2345 | D:3      | Found a runed translucent gate.
  2346 | D:3      | Found a runed translucent gate.
  2347 | D:3      | Found a runed translucent gate.
  2349 | D:3      | Noticed kaesle's ghost (weakling HOFi)
  2527 | D:3      | Found a glowing drain.
  2581 | Sewer    | Entered a sewer
  2590 | Sewer    | Reached skill level 1 in Short Blades
  2646 | Sewer    | Reached XP level 6. HP: 49/49 MP: 6/6
  3449 | D:4      | Noticed Dowan
  3449 | D:4      | Noticed Duvessa
  3457 | D:5      | Entered Level 5 of the Dungeon
  3822 | D:4      | Noticed Sigmund
  3840 | D:4      | Killed Sigmund
  3841 | D:4      | Reached skill level 5 in Fighting
  3841 | D:4      | Reached skill level 6 in Dodging
  3841 | D:4      | Reached XP level 7. HP: 23/56 MP: 7/7
  3959 | D:4      | Noticed Edmund
  3973 | D:4      | Killed Edmund
  4461 | D:4      | Reached skill level 5 in Short Blades
  4487 | D:4      | Found a runed translucent door.
  4488 | D:4      | Noticed middlethird's ghost (amateur VSMo)
  4518 | D:4      | Found a bloodstained altar of Trog.
  4518 | D:4      | Found a blossoming altar of Fedhas.
  4523 | D:4      | Found a snail-covered altar of Cheibriados.
  4525 | D:4      | Found a faded altar of an unknown god.
  4526 | D:4      | Found an opulent altar of Gozag.
  4540 | D:4      | Prayed at the altar of an unknown god.
  4540 | D:4      | Became a worshipper of Qazlal Stormbringer
  4540 | D:4      | Reached * piety under Qazlal
  4540 | D:4      | Reached ** piety under Qazlal
  4810 | D:3      | Killed kaesle's ghost
  4932 | D:5      | Reached *** piety under Qazlal
  5119 | D:5      | You fall into a shaft and drop 3 floors!
  5213 | D:7      | Reached skill level 1 in Invocations
  5223 | D:7      | Reached XP level 8. HP: 54/62 MP: 9/9
  5256 | D:7      | Noticed a hornet
  5268 | D:7      | Killed a hornet
  5269 | D:7      | Reached skill level 1 in Armour
  5275 | D:7      | Found a white marble altar of Elyvilon.
  5333 | D:7      | Found Jaimov's Book Boutique.
  5342 | D:7      | Noticed a troll
  5349 | D:7      | HP: 3/64 [electric eel/bolt of electricity (14)]
  5350 | D:7      | Reached skill level 7 in Dodging
  5358 | D:7      | Killed from afar by an electric eel

Illustrated notes

Levels and vault maps discovered:
D:1:      sevenhm_arrival_forest_fort_large_4, layout_rooms
D:2:      layout_loops_ring, serial_co_window_serial, co_window_paths_b,
          co_window_paths_b, co_window_paths_b, co_window_of_opportunity_a,
          co_window_paths_a, co_window_paths_a, co_window_corner_a,
          co_window_broadway_a, co_window_cross_4, co_window_broadway_a,
          co_window_4corner_b, co_window_4corner_a, lexackson_kobold_supper
D:3:      layout_basic, tgw_kikubaaqudgha,
          hellmonk_ecumenical_altar_inner_sanctum, ebering_ghost_rock_garden,
          portal_sewer_entry_e, chequers_serial_rivers_small_b, minivault_26,
          dk_noncrumbling_3
D:4:      layout_basic, chequers_temple_overflow_minitemple,
          gammafunk_ghost_grave, sigmund_edmund_badplayer, uniq_duvessa,
          uniq_sigmund
D:5:      layout_cave_pods, kennysheep_cluttered_room, uniq_blork_the_orc,
          uniq_eustachio
D:7:      layout_layer_cave, elyvilon_altar_1, lemuel_temple_firewalk_a,
          enter_bailey_4, serial_shops, nicolae_inconvenience_store,
          grunt_ministairs_12, grunt_decor_one_mirror, uniq_crazy_yiuf_cottage
D:8:      layout_gridville, chequers_serial_rivers_micro_e, minivault_4,
          minmay_tree_intersection, uniq_prince_ribbit1

Skill      XL: |  1  2  3  4  5  6  7  8 |
---------------+-------------------------+-----
Long Blades    | 4 5 |  5.2
Fighting       | 4 5 |  5.7
Dodging        | 5 6 7 |  7.0
Stealth        | 1 2 3 |  3.0
Short Blades   | 1 4 5 6 |  6.9
Invocations    | 1 3 |  3.1
Armour         | 1 |  1.1
Throwing       | |  0.8

Action                     |  1- 3 |  4- 6 |  7- 9 || total
---------------------------+-------+-------+-------++-------
  Melee: Falchion          |    40 |    56 |       ||    96
         Short sword       |       |   215 |   106 ||   321
         Tailslap          |       |     1 |     1 ||     2
  Throw: Boomerang         |       |       |     5 ||     5
 Invoke: Upheaval          |       |       |     1 ||     1
  Evoke: Wand              |       |       |     1 ||     1
    Use: Scroll            |       |     2 |     3 ||     5
         Potion            |       |       |     1 ||     1
   Stab: Invisible         |       |       |     2 ||     2
 Armour: Robe              |     6 |    17 |       ||    23
         Ring mail         |       |       |    12 ||    12
  Dodge: Dodged            |    36 |   108 |    32 ||   176
  Block: Orb               |       |       |     6 ||     6
